 Dungeon Sprint DCSS version 0.30.1-6-gbe392663c4 (webtiles) character file.

Game seed: 11915940897068006849

97 Heoruswealwe the Trooper (level 4, -1/45 HPs)
             Began as a Hill Orc Fighter on Sept 20, 2023.
             Splashed by a jelly's acid (5 damage)
             ... in the Dungeon (Sprint IX: "|||||||||||||||||||||||||||||").
             The game lasted 00:01:38 (52 turns).

Heoruswealwe the Trooper (Hill Orc Fighter)           Turns: 52, Time: 00:01:38

Health: -1/45      AC: -4    Str: 20    XL:     4   Next: 68%
Magic:  4/4        EV:  9    Int:  8    God:
Gold:   0          SH:  5    Dex: 10    Spells: 3/3 levels left

rFire   . . .        a - +0 war axe
rCold   . . .        d - +0 buckler
rNeg    . . .        c - +0 scale mail
rPois   .            (no helmet)
rElec   .            (no cloak)
rCorr   .            (no gloves)
SInv    .            (no boots)
Will    .....        (no amulet) Stlth
                     (no ring)
HPRegen 0.27/turn    (no ring)
MPRegen 0.09/turn

%: no teleportation
@: corroded, on berserk cooldown, slowed, very slow
A: no striking features
a: no special abilities


You were in the Dungeon.
You visited 1 branch

Inventory:

Hand Weapons
 a - a +0 war axe (weapon)
Armour
 c - a +0 scale mail (worn)
 d - a +0 buckler (worn)
Scrolls
 j - a scroll of blinking
Potions
 b - a potion of might
 e - a potion of curing
 g - a potion of haste


   Skills:
 + Level 6.4 Fighting
 + Level 6.3 Axes
 + Level 5.8 Armour
 + Level 5.8 Shields


You had 3 spell levels left.
You didn't know any spells.
Your spell library was empty.

Dungeon Overview and Level Annotations

Branches:
Dungeon (1/1)

Altars:


Message History

The centaur hits you. You block the centaur's attack.
You slash the centaur!
You kill the centaur!
Your Fighting skill gained 2 levels and is now at level 6!
Your Axes skill gained 3 levels and is now at level 6!
Your Armour skill gained 2 levels and is now at level 5!
Your Shields skill gained 2 levels and is now at level 5!
You have reached level 3!
Your experience leads to an increase in your attributes!
Increase (S)trength, (I)ntelligence, or (D)exterity?
You feel stronger. x2
You have reached level 4!
You miss the adder. The adder closely misses you.
You closely miss the adder. The adder closely misses you.
You slash the adder!
You kill the adder!
The ufetubus misses you. The ufetubus hits you.
You slash the ufetubus!
You kill the ufetubus!
You slash the jelly!
Your hands burn!
The jelly is heavily wounded.
You are no longer berserk.
You are exhausted.
You feel yourself slow down. The jelly closely misses you.
You barely miss the jelly.
The jelly is heavily wounded.
The jelly hits you but does no damage. x2
You barely miss the jelly.
The jelly is heavily wounded.
The jelly hits you but does no damage. The jelly hits you.
The acid corrodes you!
You are splashed with acid!
* * * LOW HITPOINT WARNING * * *
You feel much better. The jelly barely misses you.
You hit the jelly. The acid corrodes you!
Your hands burn!
The jelly is severely wounded.
The jelly hits you. The acid corrodes you!
You are splashed with acid.
The jelly hits you.
You are splashed with acid!
* * * LOW HITPOINT WARNING * * *
You hit the jelly.
Your hands burn!
You die... ▓▓▓▓▓▓▓▓▓▓▓▓▓▓▓▓▓▓ +...oJ@.....)..!<▓ ▓▓▓▓▓▓▓▓▓▓▓▓▓▓▓▓▓▓

You could see a jelly and an orc.

Vanquished Creatures
  A centaur (D)
  An adder (D)
  An ufetubus (D)
  A bat (D)
  3 endoplasms (D)
  A goblin (D)
8 creatures vanquished.

Notes
Turn   | Place    | Note
-------+----------+-------------------------------------------
     0 | D        | Heoruswealwe the Hill Orc Fighter began the quest for the
                  | Orb.
     0 | D        | Reached XP level 1. HP: 19/19 MP: 1/1
    18 | D        | Reached XP level 2. HP: 23/27 MP: 2/2
    33 | D        | Noticed a centaur
    41 | D        | Killed a centaur
    42 | D        | Reached skill level 5 in Armour
    42 | D        | Reached skill level 5 in Shields
    42 | D        | Reached XP level 3. HP: 23/37 MP: 3/3
    42 | D        | Reached XP level 4. HP: 28/44 MP: 4/4
    52 | D        | Splashed by a jelly's acid

Illustrated notes

Levels and vault maps discovered:
D:        linesprint [early_d, line_temple, items_1, d_10, items_2, lair_1,
          lair_end, items_3, orc_1, orc_end, items_4, d_15, swamp_1, shoals_1,
          snake_1, spider_1, d_20, vaults_1, items_5, swamp_end, shoals_end,
          snake_end, spider_end, vaults_end, d_27, items_6, zot_1, zot_end,
          crypt_end, forest_end, elf_end, slime_end, tomb_end, abyss_end,
          pan_hell_end]

Skill      XL: |  1  2 |
---------------+-------+-----
Axes           | 3 6 |  6.3
Fighting       | 4 6 |  6.4
Armour         | 5 |  5.8
Shields        | 5 |  5.8

Action                     |  1- 3 |  4- 6 || total
---------------------------+-------+-------++-------
  Melee: War axe           |    19 |     9 ||    28
    Use: Potion            |     1 |     1 ||     2
 Armour: Scale mail        |    12 |     3 ||    15
  Dodge: Dodged            |     9 |     5 ||    14
  Block: Buckler           |     4 |       ||     4
